 Dungeon Crawl Stone Soup version 0.23-a0-310-gdcc7a32 (webtiles) character file.

8544 galech the Cleaver (level 11, -4/83 HPs)
             Began as a Demonspawn Fighter on Oct 12, 2018.
             Was a High Priest of Okawaru.
             Slain by a steam dragon (6 damage)
             ... on level 11 of the Dungeon.
             The game lasted 00:13:08 (9804 turns).

galech the Cleaver (Demonspawn Fighter)             Turns: 9804, Time: 00:13:10

Health: -4/83      AC: 25    Str: 17    XL:     11   Next: 11%
Magic:  9/11       EV:  5    Int: 10    God:    Okawaru [*****.]
Gold:   574        SH: 17    Dex: 15    Spells: 10/10 levels left

rFire    + + .     SeeInvis .   a - +0 war axe
rCold    + . .     Gourm    .   c - +0 shield
rNeg     . . .     Faith    .   K - +2 gold dragon scales
rPois    +         Spirit   .   (helmet restricted)
rElec    .         Reflect  .   v - +0 cloak
rCorr    +         Harm     .   w - +1 pair of gloves {archery}
MR       .....                  C - +0 pair of boots
Stlth    ..........             (no amulet)
HPRegen  0.23/turn              n - ring of protection from fire
MPRegen  0.12/turn              q - ring of resist corrosion

@: heroism, slowed, studying Translocations, very slow
A: horns 1, large bone plates 1, demonic guardian 1, spiny 2
a: Heroism, Finesse, Renounce Religion


You were on level 11 of the Dungeon.
You worshipped Okawaru.
Okawaru was extremely pleased with you.
You were not hungry.

You visited 1 branch of the dungeon, and saw 11 of its levels.
You also visited: Ossuary.

You collected 574 gold pieces.

Inventory:

Hand Weapons
 a - a +0 war axe (weapon)
Armour
 c - a +0 shield (worn)
 v - a +0 cloak (worn)
 w - a +1 pair of gloves of archery (worn)
 C - a +0 pair of boots (worn)
 H - the +4 robe of Augmentation {Str+4 Int+4 Dex+4}
   (You took it off an orc on level 8 of the Dungeon)

   It affects your strength (+4).
   It affects your intelligence (+4).
   It affects your dexterity (+4).
 K - +2 gold dragon scales (worn)
Jewellery
 n - a ring of protection from fire (left hand)
 q - a ring of resist corrosion (right hand)
Wands
 x - a wand of paralysis (9)
 G - a wand of flame (25)
 J - a wand of iceblast (3)
 L - a wand of acid (13)
Scrolls
 b - 5 scrolls of remove curse
 h - 4 scrolls of teleportation
 l - 6 scrolls of magic mapping
 o - 2 scrolls of random uselessness
 p - a scroll of amnesia {unknown}
 r - 2 scrolls of immolation
 y - 2 scrolls of identify
 B - 3 scrolls of noise
 D - a scroll of enchant weapon
 E - a scroll of blinking
 F - a scroll of fog
Potions
 d - 2 potions of might
 e - 2 potions of degeneration {unknown}
 g - 3 potions of haste {unknown}
 i - 11 potions of curing {unknown}
 j - 5 potions of heal wounds {unknown}
 k - a potion of resistance {unknown}
 m - a potion of lignification {unknown}
 s - a potion of brilliance {unknown}
 u - a potion of flight {unknown}
 z - 2 potions of mutation
 A - a potion of cancellation {unknown}
 M - a potion of agility
 N - a potion of invisibility {unknown}
Books
 I - a manual of Translocations
Comestibles
 f - 25 rations
 t - 12 chunks of flesh


   Skills:
 + Level 6.9(11.9) Fighting
 + Level 10.5(15.5) Axes
 + Level 6.6(11.6) Armour
 + Level 2.2(7.2) Dodging
 + Level 1.2(6.2) Stealth
 + Level 8.7(13.7) Shields
 + Level 0.5 Invocations


You had 10 spell levels left.
You didn't know any spells.
Your spell library contained the following spells:

 Spells                   Type           Power        Failure   Level  Hunger
 Apportation              Tloc           #.....       100%        1    ##.....
 Beastly Appendage        Tmut           #.....       100%        1    ##.....
 Sting                    Conj/Pois      #...         100%        1    ##.....
 Summon Butterflies       Summ           #.......     100%        1    ##.....
 Poisonous Vapours        Pois/Air       #.....       100%        2    ###....
 Sticks to Snakes         Tmut           #.......     100%        2    ###....
 Lesser Beckoning         Tloc           #.........   100%        3    ####...
 Mephitic Cloud           Conj/Pois/Air  #.......     100%        3    ####...
 Spider Form              Tmut/Pois      #.........   100%        3    ####...
 Tukima's Dance           Hex            #.......     100%        3    ####...
 Ice Form                 Ice/Tmut       #.......     100%        4    #####..
 Olgreb's Toxic Radiance  Pois           #.......     100%        4    #####..
 Alistair's Intoxication  Tmut/Pois      #.......     100%        5    ######.
 Blade Hands              Tmut           #.........   100%        5    ######.
 Venom Bolt               Conj/Pois      #.........   100%        5    ######.
 Invisibility             Hex            #.......     100%        6    #######


Dungeon Overview and Level Annotations

Branches:
Dungeon (11/15)            Temple (0/1) D:5            Lair (0/6) D:8
    Orc: D:9-12

Altars:
Makhleb
Okawaru
The Shining One

Shops:
D:11 }

Annotations:
D:11 Gastronok


Innate Abilities, Weirdness & Mutations

You have a pair of small horns on your head.
You are partially covered in large bone plates. (SH +4)
A weak demonic guardian rushes to your aid.
You are mostly covered in sharp spines.


Message History

The steam dragon claws you but does no damage.
You hit Gastronok.
Gastronok is heavily wounded.
You closely miss the insubstantial wisp.
You slash the steam dragon!
The insubstantial wisp thrums sharply.
You are struck by lightning.
* * * LOW HITPOINT WARNING * * *
The lightning arcs!
Your quasit is struck by lightning.
The lightning arcs!
The steam dragon is struck by lightning.
The lightning arcs!
Your quasit is struck by lightning.
Your quasit dies!
The lightning grounds out.
Gastronok is struck by lightning.
The lightning arcs!
You are struck by lightning.
* * * LOW HITPOINT WARNING * * *
The lightning arcs!
Gastronok is struck by lightning.
The lightning grounds out.
Gastronok bites you.
* * * LOW HITPOINT WARNING * * *
The steam dragon bites you.
You die...

≈≈≈≈≈....#
≈≈≈≈≈§§..#
#..§≈≈#.#
#..≈≈..####
###..≈≈.....#
#)$.≈≈≈#...#
#.≈§§D).).#
#w@)..#
≈≈≈≈§.v†##.#
...#...5.#.#
..........#.#
.....#....#.#
......#....#.#
#......+....#.#
#
#......######.##
#
#..............#


You could see Gastronok, a steam dragon, an insubstantial wisp and a friendly
iron imp.

Vanquished Creatures
  A two-headed ogre (D:8)
  Prince Ribbit (D:5)
  A slime creature (D:8)
  Grinder (D:6)
  A wyvern (D:10)
  9 yaks (D:9)
  An insubstantial wisp (D:11)
  3 wargs (D:8)
  3 water moccasins
  A black bear (D:6)
  3 sky beasts
  3 orc warriors
  3 ice beasts
  An eye of draining (D:10)
  2 necrophages
  A phantom (D:4)
  6 ogres
  2 centaurs
  2 big kobolds
  7 bullfrogs
  2 elf zombies (Ossuary)
  2 scorpions
  2 wights (D:9)
  5 howler monkeys
  3 crimson imps
  A bullfrog zombie (D:5)
  A human zombie (Ossuary)
  6 jellies
  2 bullfrog skeletons
  5 orc priests
  8 hounds
  15 orc wizards
  Jessica (D:2)
  Terence (D:2)
  3 iguanas
  4 worker ants
  2 big kobold zombies (Ossuary)
  A hound skeleton (D:8)
  4 mummies (Ossuary)
  6 gnolls
  A howler monkey skeleton (D:4)
  4 river rats (D:6)
  7 adders
  3 shadow imps
  An adder skeleton (D:9)
  3 dart slugs
  2 worms
  8 leopard geckos
  50 orcs
  2 giant cockroaches (D:1)
  4 goblins
  4 hobgoblins
  15 jackals
  11 kobolds
  4 quokkas
  3 ball pythons
  11 bats
  5 frilled lizards
  2 goblin zombies (Ossuary)
  2 hobgoblin zombies (Ossuary)
  2 kobold zombies (Ossuary)
  2 leopard gecko skeletons
  A leopard gecko zombie (D:5)
  8 rats
  A rat zombie (Ossuary)
282 creatures vanquished.

Vanquished Creatures (collateral kills)
  A yak (D:9)
  A vampire mosquito (D:8)
  A wight (D:9)
  An orc wizard (D:11)
4 creatures vanquished.

Grand Total: 286 creatures vanquished

Notes
Turn   | Place    | Note
-------+----------+-------------------------------------------
     0 | D:1      | galech the Demonspawn Fighter began the quest for the Orb.
     0 | D:1      | Reached XP level 1. HP: 18/18 MP: 1/1
   249 | D:1      | Gained mutation: You are partially covered in large bone
                  | plates. (SH +4) [demonic ancestry]
   249 | D:1      | Reached XP level 2. HP: 13/24 MP: 2/2
   448 | D:1      | Reached skill level 2 in Axes
   931 | D:1      | Gained mutation: You are partially covered in sharp spines.
                  | [demonic ancestry]
   931 | D:1      | Reached XP level 3. HP: 27/29 MP: 3/3
  1077 | D:2      | Noticed Terence
  1091 | D:2      | Killed Terence
  1091 | D:2      | Gained mutation: You are mostly covered in sharp spines.
                  | [demonic ancestry]
  1091 | D:2      | Reached XP level 4. HP: 24/35 MP: 4/4
  1354 | D:2      | Noticed Jessica
  1377 | D:2      | Killed Jessica
  1627 | D:3      | Found a glowing golden altar of the Shining One.
  1697 | D:3      | Noticed an ogre
  1702 | D:3      | Killed an ogre
  1702 | D:3      | Reached skill level 3 in Axes
  1702 | D:3      | Reached XP level 5. HP: 35/41 MP: 5/5
  1897 | D:3      | Reached XP level 6. HP: 47/48 MP: 6/6
  2772 | D:4      | Reached skill level 4 in Axes
  2909 | D:4      | Found an iron altar of Okawaru.
  2927 | D:4      | Became a worshipper of Warmaster Okawaru
  2995 | D:4      | Reached skill level 1 in Dodging
  2995 | D:4      | Gained mutation: You have a pair of small horns on your
                  | head. [demonic ancestry]
  2995 | D:4      | Reached XP level 7. HP: 31/54 MP: 7/7
  3064 | D:4      | Reached skill level 5 in Shields
  3218 | D:4      | Reached * piety under Okawaru
  3456 | D:5      | Entered Level 5 of the Dungeon
  3465 | D:5      | Found a sand-covered staircase.
  3506 | Ossuary  | Entered an ossuary
  3522 | Ossuary  | Reached skill level 5 in Axes
  3757 | Ossuary  | Reached XP level 8. HP: 61/61 MP: 8/8
  3864 | D:5      | Noticed Prince Ribbit
  4206 | D:5      | Killed Prince Ribbit
  4206 | D:5      | Reached ** piety under Okawaru
  4403 | D:5      | Reached skill level 6 in Axes
  4501 | D:5      | Found a staircase to the Ecumenical Temple.
  4656 | D:6      | Noticed Grinder
  4671 | D:6      | Killed Grinder
  4690 | D:6      | Reached skill level 5 in Armour
  4879 | D:6      | Reached skill level 5 in Fighting
  5979 | D:7      | Reached XP level 9. HP: 68/68 MP: 9/9
  6035 | D:7      | Reached *** piety under Okawaru
  6035 | D:7      | Reached skill level 7 in Axes
  6472 | D:8      | Found a staircase to the Lair.
  6826 | D:8      | Reached skill level 8 in Axes
  6920 | D:8      | Noticed a two-headed ogre
  6928 | D:8      | Killed a two-headed ogre
  6928 | D:8      | Reached **** piety under Okawaru
  6928 | D:8      | Gained mutation: A weak demonic guardian rushes to your
                  | aid. [demonic ancestry]
  6928 | D:8      | Reached XP level 10. HP: 40/76 MP: 7/10
  7536 | D:8      | Found a burning altar of Makhleb.
  7806 | D:9      | Reached ***** piety under Okawaru
  7806 | D:9      | Reached skill level 9 in Axes
  8295 | D:9      | Received a gift from Okawaru
  8664 | D:9      | Reached skill level 10 in Axes
  8940 | D:10     | Entered Level 10 of the Dungeon
  9159 | D:10     | Reached skill level 1 in Stealth
  9176 | D:10     | Reached XP level 11. HP: 74/83 MP: 11/11
  9710 | D:11     | Found Zoyxia's Gadget Shop.
  9786 | D:11     | Noticed Gastronok
  9804 | D:11     | HP: 4/83 [insubstantial wisp/static electricity (2)]
  9804 | D:11     | Slain by a steam dragon

Vault maps used:
D:1:      dpeg_arrival_another_circle, minmay_pentomino_r2
D:2:      first_ration, uniq_jessica, uniq_terence
D:3:      nicolae_tso_carved_into_rock, chequers_big_river, nrook_uturn,
          st_stairs_9
D:4:      okawaru_metal_pillars_3
D:5:      minmay_temple_entry_enclosed_plants, enter_ossuary_1,
          uniq_prince_ribbit1
D:6:      wad_woods_tower, uniq_grinder
D:8:      minmay_blocky_corners, erik_lair_orcish_takeover, blue_anna_alchemist,
          makhleb_blood_cavern_becter
D:10:     hangedman_abyss_or_decor_clamps, uniq_snorg
D:11:     serial_shops, nicolae_shop_crystal, hangedman_misty_isle,
          uniq_gastronok
Ossuary:  ossuary_minmay_tomb_2a

Skill      XL: |  1  2  3  4  5  6  7  8  9 10 |
---------------+-------------------------------+-----
Axes           | 2 3 4 5 6 8 10 | 10.5
Shields        | 3 4 5 6 7 8 |  8.7
Armour         | 3 4 5 6 |  6.6
Fighting       | 4 5 6 |  6.9
Dodging        | 1 2 |  2.2
Stealth        | 1 |  1.2
Invocations    | |  0.5

Action                   |  1- 3 |  4- 6 |  7- 9 | 10-12 || total
-------------------------+-------+-------+-------+-------++-------
Melee: War axe           |    79 |   155 |   289 |   328 ||   851
       Headbutt          |       |       |    60 |    99 ||   159
Invok: Heroism           |       |       |     3 |     1 ||     4
  Use: Scroll            |       |       |    12 |     1 ||    13
 Stab: Distracted        |       |       |       |     2 ||     2
  Eat: Chunk             |     1 |     6 |    13 |    10 ||    30
Armor: Scale mail        |    16 |       |       |       ||    16
       Chain mail        |    22 |    29 |       |       ||    51
       Plate armour      |       |    25 |   136 |     3 ||   164
       Gold dragon scale |       |       |       |    81 ||    81
       Robe              |       |       |       |    19 ||    19
Dodge: Dodged            |    22 |    23 |    27 |    30 ||   102
Block: Shield            |    50 |   119 |   229 |   211 ||   609

Table legend:
 A = Non-vault XP
 B = Vault XP
 C = Vault XP percentage of total XP
 D = Non-vault monster count
 E = Vault monster count
 F = Vault count percentage of total count
                 A         B        C        D         E       F
            +---------+---------+-------+---------+---------+-------
      Total |    9523 |    2683 |  22.0 |     240 |      46 |  16.1
            +---------+---------+-------+---------+---------+-------
        D:1 |      44 |       1 |   2.2 |      23 |       1 |   4.2
        D:2 |      42 |      73 |  63.5 |      16 |       2 |  11.1
        D:3 |     293 |      33 |  10.1 |      28 |       2 |   6.7
        D:4 |     504 |       0 |   0.0 |      30 |       0 |   0.0
        D:5 |     277 |     286 |  50.8 |      15 |       1 |   6.2
        D:6 |     508 |     343 |  40.3 |       9 |       7 |  43.8
        D:7 |     747 |       0 |   0.0 |      13 |       0 |   0.0
        D:8 |    1368 |    1290 |  48.5 |      12 |      15 |  55.6
        D:9 |    3631 |       0 |   0.0 |      51 |       0 |   0.0
       D:10 |    1798 |       0 |   0.0 |      32 |       0 |   0.0
       D:11 |     311 |     288 |  48.1 |      11 |       2 |  15.4
    Ossuary |       0 |     369 | 100.0 |       0 |      16 | 100.0
            +---------+---------+-------+---------+---------+-------
